 Seeded DCSS version 0.28.0-43-g3370ac3207 (webtiles) character file.

Game seed: 9871404364189446373 (custom seed)

1139 croobank the Shield-Bearer (level 8, -1/67 HPs)
             Began as a Gnoll Fighter on Mar 25, 2022.
             Slain by a lemure (2 damage)
             ... led by Pikel
             ... on level 5 of the Dungeon.
             The game lasted 00:20:58 (4471 turns).

croobank the Shield-Bearer (Gnoll Fighter)          Turns: 4471, Time: 00:20:59

Health: -1/67      AC: 10    Str: 17    XL:     8   Next: 37%
Magic:  10/12      EV: 11    Int:  8    God:
Gold:   305        SH:  5    Dex: 12    Spells: 4/13 levels left

rFire   . . .      SeeInvis .   a - +1 war axe
rCold   . . .      Faith    .   c - +0 buckler
rNeg    + . .      Spirit   .   B - +0 ring mail
rPois   .          Reflect  .   (helmet currently unavailable)
rElec   .          Harm     .   (no cloak)
rCorr   .          Rampage  .   (no gloves)
Will    .....                   (boots currently unavailable)
Stlth   ++........              (no amulet)
HPRegen 0.21/turn               C - +4 ring of protection
MPRegen 0.13/turn               z - ring of positive energy

@: appendages (expiring)
A: horns 2, talons 2, fangs 1, strong nose, distributed training
a: End Transformation


You were on level 5 of the Dungeon.
You had temporarily grown beastly horns and talons.
You visited 1 branch of the dungeon, and saw 5 of its levels.
You also visited: Sewer.

You collected 305 gold pieces.

Inventory:

Hand Weapons
 a - a +1 war axe (weapon)
 u - a +0 scimitar
Missiles
 e - 140 stones
 l - 133 arrows
 o - a throwing net (quivered)
 q - 3 poisoned darts
 r - 2 boomerangs
 s - 90 sling bullets
Armour
 b - a +0 scale mail
 c - a +0 buckler (worn)
 h - a +0 leather armour
 y - a +0 chain mail
 B - a +0 ring mail (worn)
Jewellery
 w - a ring of protection from cold
 z - a ring of positive energy (right hand)
 C - a +4 ring of protection (left hand)
Wands
 t - a wand of mindburst (2)
Scrolls
 d - a scroll of fog {unknown}
 f - a scroll of holy word {holy word, unknown}
 g - 4 scrolls of amnesia {amnesia, unknown}
 j - 2 scrolls of identify {identify, unknown}
 k - 6 scrolls of teleportation {teleport, unknown}
 m - a scroll of immolation {immolation, unknown}
 x - a scroll of noise {noise, unknown}
Potions
 i - a potion of ambrosia {ambrosia, unknown}
 n - 2 potions of curing {curing}
 p - 2 potions of attraction {attraction, unknown}
 v - a potion of flight {flight, unknown}
 A - a potion of heal wounds {heal wounds, unknown}
 D - 2 potions of haste


   Skills:
 + Level 7.3 Fighting
 + Level 3.2 Short Blades
 + Level 3.2 Long Blades
 + Level 5.6 Axes
 + Level 3.2 Maces & Flails
 + Level 3.2 Polearms
 + Level 3.2 Staves
 + Level 3.2 Slings
 + Level 3.2 Bows
 + Level 3.2 Crossbows
 + Level 3.2 Throwing
 + Level 7.3 Armour
 + Level 3.2 Dodging
 + Level 3.2 Stealth
 + Level 7.3 Shields
 + Level 3.2 Unarmed Combat
 + Level 3.2 Spellcasting
 + Level 2.6 Conjurations
 + Level 2.6 Hexes
 + Level 2.6 Summonings
 + Level 2.6 Necromancy
 + Level 2.6 Translocations
 + Level 2.6 Transmutations
 + Level 2.6 Fire Magic
 + Level 2.6 Ice Magic
 + Level 2.6 Air Magic
 + Level 2.6 Earth Magic
 + Level 2.6 Poison Magic
 + Level 3.5 Invocations
 + Level 3.2 Evocations


You had 4 spell levels left.
You knew the following spells:

 Your Spells              Type           Power      Damage    Failure   Level
a - Sting                 Tmut/Pois      20%        1d4       22%         1
b - Poisonous Vapours     Pois/Air       10%        N/A       34%         2
c - Mephitic Cloud        Conj/Pois/Air  5%         N/A       56%         3
d - Beastly Appendage     Tmut           10%        N/A       22%         1
e - Wereblood             Tmut           5%         N/A       34%         2

Your spell library contained the following spells:

 Spells                   Type           Power      Damage    Failure   Level
 Ignite Poison            Fire/Tmut/Pois 5%         N/A       56%         3
 Spider Form              Tmut/Pois      5%         N/A       56%         3
 Olgreb's Toxic Radiance  Pois           5%         N/A       92%         4
 Freezing Cloud           Conj/Ice/Air   2%         6-21      99%         5


Dungeon Overview and Level Annotations

Branches:
Dungeon (5/15)              Sewer (visited)
 Temple: D:4-7

Altars:

Annotations:
D:5 Pikel


Innate Abilities, Weirdness & Mutations

You have temporarily grown beastly horns and talons.
You have very sharp teeth.
Your uncanny sense of smell can sniff out nearby items.
Your experience applies equally to all skills.


Message History

Pikel hits you but does no damage. The lemure closely misses you.
The lemure hits you but does no damage.
Your magical contamination has completely faded away.
You hit Pikel but do no damage. Your kick misses Pikel.
You headbutt Pikel, but do no damage. You bite Pikel, but do no damage.
Pikel is almost dead.
You hit the lemure but do no damage. You hit the lemure. x2
You closely miss the lemure. The lemure hits you. x2
Pikel hits you with a +1 whip of flaming!
Pikel burns you. You block the lemure's attack. The lemure closely misses you.
The lemure barely misses you.
You miss Pikel. Your kick misses Pikel. You headbutt Pikel, but do no damage.
Your bite misses Pikel.
Pikel is almost dead.
You hit the lemure but do no damage. You hit the lemure. x2
You hit the lemure but do no damage. You block the lemure's attack.
Pikel completely misses you. The lemure hits you.
The lemure closely misses you. The lemure hits you but does no damage.
You hit Pikel but do no damage. Your kick misses Pikel. You headbutt Pikel.
Pikel is almost dead.
You hit the lemure. You barely miss the lemure. You slash the lemure!
You barely miss the lemure. The lemure hits you.
Pikel hits you but does no damage. You block the lemure's attack. x2
The lemure barely misses you. The lemure hits you!
* * * LOW HITPOINT WARNING * * *
Pikel hits you with a +1 whip of flaming!
* * * LOW HITPOINT WARNING * * *
Pikel burns you.
* * * LOW HITPOINT WARNING * * *
The lemure misses you.
You hit Pikel. You claw Pikel, but do no damage.
Pikel is almost dead.
You miss the lemure. You closely miss the lemure. You hit the lemure.
You kill the lemure!
That felt strangely unrewarding.
You hit the lemure. You block the lemure's attack. The lemure hits you.
* * * LOW HITPOINT WARNING * * *
Pikel closely misses you. The lemure hits you but does no damage.
The lemure hits you.
You die...

≈≈.# #.........#
#.#.............
≈≈.###.........#
#.#.############
....##.........#
#.#.#
≈≈.............#
#.#.###
≈≈.###.........#
#.#...# ##.#
#.........# #.###.#
##.#
#.........###'###.#
...#
#######...........#
..## #....@5.....#
.## #...5K5....##
.########
#..........#
........#
#..........#
........#
#..........#
........#
#..........#
#.......#
#..........#
#.......#
#..........#
#.......#


You could see Pikel and 3 lemures.

Vanquished Creatures
  Menkaure (D:5)
  3 water moccasins
  A black bear (D:4)
  2 ogres
  A centaur (D:5)
  A lemure (D:5)
  A scorpion (D:5)
  An orc priest (D:3)
  2 iguanas (D:5)
  Ijyb (D:5)
  2 orc wizards (D:5)
  2 adders
  2 river rats (D:5)
  A white imp (D:5)
  2 adder skeletons (D:4)
  A worm (D:2)
  2 dart slugs
  10 orcs
  8 ball pythons
  12 endoplasms
  8 goblins
  3 hobgoblins
  7 jackals (D:4)
  3 quokkas
  12 bats
  3 frilled lizards
  2 kobolds
  2 rats (D:2)
96 creatures vanquished.

Notes
Turn   | Place    | Note
-------+----------+-------------------------------------------
     0 | D:1      | croobank the Gnoll Fighter began the quest for the Orb.
     0 | D:1      | Reached XP level 1. HP: 23/23 MP: 1/1
   166 | D:1      | Reached XP level 2. HP: 28/29 MP: 2/2
   803 | D:2      | Reached XP level 3. HP: 34/35 MP: 3/3
  1201 | D:2      | Reached skill level 1 in Invocations
  1323 | D:2      | Reached skill level 1 in Short Blades
  1323 | D:2      | Reached skill level 1 in Long Blades
  1323 | D:2      | Reached skill level 1 in Maces & Flails
  1323 | D:2      | Reached skill level 1 in Polearms
  1323 | D:2      | Reached skill level 1 in Staves
  1323 | D:2      | Reached skill level 1 in Slings
  1323 | D:2      | Reached skill level 1 in Bows
  1323 | D:2      | Reached skill level 1 in Crossbows
  1323 | D:2      | Reached skill level 1 in Throwing
  1323 | D:2      | Reached skill level 1 in Dodging
  1323 | D:2      | Reached skill level 1 in Stealth
  1323 | D:2      | Reached skill level 1 in Unarmed Combat
  1323 | D:2      | Reached skill level 1 in Spellcasting
  1323 | D:2      | Reached skill level 1 in Evocations
  1429 | D:3      | Reached XP level 4. HP: 8/41 MP: 5/5
  1731 | D:3      | Learned a level 1 spell: Sting
  1734 | D:3      | Learned a level 2 spell: Poisonous Vapours
  1798 | D:3      | Reached skill level 1 in Conjurations
  1798 | D:3      | Reached skill level 1 in Hexes
  1798 | D:3      | Reached skill level 1 in Summonings
  1798 | D:3      | Reached skill level 1 in Necromancy
  1798 | D:3      | Reached skill level 1 in Translocations
  1798 | D:3      | Reached skill level 1 in Transmutations
  1798 | D:3      | Reached skill level 1 in Fire Magic
  1798 | D:3      | Reached skill level 1 in Ice Magic
  1798 | D:3      | Reached skill level 1 in Air Magic
  1798 | D:3      | Reached skill level 1 in Earth Magic
  1798 | D:3      | Reached skill level 1 in Poison Magic
  2101 | D:3      | Reached XP level 5. HP: 46/47 MP: 6/6
  2105 | D:3      | Learned a level 3 spell: Mephitic Cloud
  2233 | D:4      | Noticed an ogre
  2241 | D:4      | Killed an ogre
  2466 | D:4      | Reached XP level 6. HP: 53/53 MP: 8/8
  2489 | D:4      | Learned a level 1 spell: Beastly Appendage
  2598 | D:4      | Noticed a black bear
  2607 | D:4      | Killed a black bear
  2608 | D:4      | Reached skill level 5 in Axes
  2905 | D:5      | Entered Level 5 of the Dungeon
  3053 | D:5      | Noticed Ijyb
  3058 | D:5      | Killed Ijyb
  3072 | D:5      | Reached XP level 7. HP: 38/59 MP: 8/10
  3156 | D:5      | Found a glowing drain.
  3163 | Sewer    | Entered a sewer
  3544 | D:5      | Learned a level 2 spell: Wereblood
  3580 | D:5      | Reached XP level 8. HP: 23/67 MP: 8/12
  3789 | D:5      | Noticed Menkaure
  3803 | D:5      | HP: 2/67 [Menkaure (7)]
  3804 | D:5      | Killed Menkaure
  4456 | D:5      | Noticed Pikel
  4471 | D:5      | HP: 1/67 [lemure[Pikel] (4)]
  4471 | D:5      | Slain by a lemure

Illustrated notes

Levels and vault maps discovered:
D:1:      onia_arrival_mini_maze_b, layout_basic, bh_walls_and_bars
D:2:      layout_basic, serial_glass, glass_columns_c, glass_columns_b,
          nrook_campfire, minmay_tripent
D:3:      layout_basic, minmay_misc_feat_encased
D:4:      layout_cave_pools
D:5:      layout_basic, cheibrodos_sewer_entry_sluice, uniq_ijyb, uniq_pikel,
          uniq_menkaure

Skill      XL: |  1  2  3  4  5  6  7  8 |
---------------+-------------------------+-----
Invocations    | 1 2 3 |  3.5
Short Blades   | 1 2 3 |  3.2
Long Blades    | 1 2 3 |  3.2
Maces & Flails | 1 2 3 |  3.2
Polearms       | 1 2 3 |  3.2
Staves         | 1 2 3 |  3.2
Slings         | 1 2 3 |  3.2
Bows           | 1 2 3 |  3.2
Crossbows      | 1 2 3 |  3.2
Throwing       | 1 2 3 |  3.2
Dodging        | 1 2 3 |  3.2
Stealth        | 1 2 3 |  3.2
Unarmed Combat | 1 2 3 |  3.2
Spellcasting   | 1 2 3 |  3.2
Evocations     | 1 2 3 |  3.2
Conjurations   | 1 2 |  2.6
Hexes          | 1 2 |  2.6
Summonings     | 1 2 |  2.6
Necromancy     | 1 2 |  2.6
Translocations | 1 2 |  2.6
Transmutations | 1 2 |  2.6
Fire Magic     | 1 2 |  2.6
Ice Magic      | 1 2 |  2.6
Air Magic      | 1 2 |  2.6
Earth Magic    | 1 2 |  2.6
Poison Magic   | 1 2 |  2.6
Axes           | 5 |  5.6
Fighting       | 7 |  7.3
Armour         | 7 |  7.3
Shields        | 7 |  7.3

Action                   |  1- 3 |  4- 6 |  7- 9 || total
-------------------------+-------+-------+-------++-------
Melee: War axe           |   104 |   104 |    77 ||   285
       Bite              |     3 |     9 |    10 ||    22
       Headbutt          |       |     2 |     8 ||    10
       Kick              |       |     1 |     8 ||     9
Throw: Boomerang         |       |     3 |       ||     3
       Throwing net      |       |     1 |       ||     1
 Cast: Beastly Appendage |       |     1 |     6 ||     7
       Sting             |       |     1 |     3 ||     4
       Poisonous Vapours |       |       |     1 ||     1
Evoke: Wand              |       |       |     2 ||     2
  Use: Potion            |     1 |       |     2 ||     3
       Scroll            |       |     2 |       ||     2
 Stab: Sleeping          |       |       |     1 ||     1
Armor: Scale mail        |    30 |    56 |       ||    86
       Ring mail         |       |     2 |    45 ||    47
Dodge: Dodged            |    41 |    60 |    50 ||   151
Block: Buckler           |    31 |    29 |    30 ||    90
